 Dungeon Crawl Stone Soup version 0.25-a0-294-gea9b1ad378 (webtiles) character file.

Game seed: 11245537266372333507, levelgen mode: deterministic

114 MoonlitKnight the Charmwright (level 4, -2/38 HPs)
             Began as a Gnoll Skald on Dec 17, 2019.
             Slain by Grinder (6 damage)
             ... on level 3 of the Dungeon.
             The game lasted 00:05:22 (3543 turns).

MoonlitKnight the Charmwright (Gnoll Skald)         Turns: 3543, Time: 00:05:23

Health: -2/38      AC:  6    Str: 14    XL:     4   Next: 98%
Magic:  4/11       EV: 13    Int: 15    God:
Gold:   79         SH:  0    Dex: 15    Spells: 2/13 levels left

rFire    . . .     SeeInvis .   j - -1 mace (curse)
rCold    . . .     Gourm    .   (no shield)
rNeg     . . .     Faith    .   v - +0 ring mail {rPois}
rPois    +         Spirit   .   y - +0 helmet
rElec    .         Reflect  .   (no cloak)
rCorr    .         Harm     .   (no gloves)
MR       .....                  (no boots)
Stlth    +.........             (no amulet)
HPRegen  0.12/turn              (no ring)
MPRegen  0.12/turn              (no ring)

@: very slightly contaminated
A: distributed training, fangs 1, strong nose
a: no special abilities


You were on level 3 of the Dungeon.
You were not hungry.

You visited 1 branch of the dungeon, and saw 3 of its levels.

You collected 79 gold pieces.

Inventory:

Hand Weapons
 a - a +0 spear
 b - a +0 hunting sling
 j - a cursed -1 mace (weapon)
 m - a +2 long sword of protection
Missiles
 f - 19 poisoned darts (quivered)
 g - 49 sling bullets
Armour
 v - a +0 ring mail of poison resistance (worn)
 y - a +0 helmet (worn)
Jewellery
 c - an uncursed ring of positive energy {unknown}
 u - an uncursed ring of protection from cold
Wands
 x - a wand of enslavement (4)
Scrolls
 e - 3 scrolls of teleportation {unknown}
 i - 3 scrolls of identify {unknown}
 k - a scroll of fog {unknown}
 n - a scroll of blinking {unknown}
 p - a scroll of remove curse {unknown}
 q - a scroll of immolation {unknown}
 B - a scroll of enchant weapon {unknown}
 C - a scroll of enchant armour {unknown}
Potions
 h - a potion of lignification {unknown}
 l - 4 potions of curing {unknown}
 o - a potion of might {unknown}
 r - a potion of ambrosia {unknown}
 t - a potion of berserk rage {unknown}
 w - a potion of agility {unknown}
 z - a potion of flight {unknown}
 A - a potion of brilliance {unknown}
Comestibles
 d - 4 rations
 s - 7 chunks of flesh


   Skills:
 + Level 4.7 Fighting
 + Level 1.2 Short Blades
 + Level 1.2 Long Blades
 + Level 1.2 Axes
 + Level 1.2 Maces & Flails
 + Level 4.7 Polearms
 + Level 1.2 Staves
 + Level 1.2 Slings
 + Level 1.2 Bows
 + Level 1.2 Crossbows
 + Level 1.2 Throwing
 + Level 2.8 Armour
 + Level 4.7 Dodging
 + Level 1.2 Stealth
 + Level 1.2 Shields
 + Level 1.2 Unarmed Combat
 + Level 5.1 Spellcasting
 + Level 1.0 Conjurations
 + Level 1.0 Hexes
 + Level 5.5 Charms
 + Level 1.0 Summonings
 + Level 1.0 Necromancy
 + Level 1.0 Translocations
 + Level 1.0 Transmutations
 + Level 1.0 Fire Magic
 + Level 1.0 Ice Magic
 + Level 1.0 Air Magic
 + Level 1.0 Earth Magic
 + Level 1.0 Poison Magic
 + Level 1.4 Invocations
 + Level 1.2 Evocations


You had 2 spell levels left.
You knew the following spells:

 Your Spells              Type           Power        Failure   Level  Hunger
a - Infusion              Chrm           ###.         3%          1    None
b - Shroud of Golubria    Chrm/Tloc      ##....       13%         2    ##.....
c - Spectral Weapon       Hex/Chrm       ##......     26%         3    ###....
d - Regeneration          Chrm/Necr      ##........   26%         3    ###....
e - Song of Slaying       Chrm           ###.....     4%          2    ##.....

Your spell library contained the following spells:

 Spells                   Type           Power        Failure   Level  Hunger
 Animate Skeleton         Necr           N/A          21%         1    None
 Apportation              Tloc           #.....       21%         1    None
 Confusing Touch          Hex            #.....       21%         1    None
 Summon Small Mammal      Summ           #...         21%         1    None


Dungeon Overview and Level Annotations

Branches:
Dungeon (3/15)

Altars:
Elyvilon
Gozag
Yredelemnul

Annotations:
D:3 Grinder


Innate Abilities, Weirdness & Mutations

Your experience applies equally to all skills.
You have very sharp teeth.
Your uncanny sense of smell can sniff out nearby items.


Message History

Grinder misses you. The hobgoblin closely misses you.
The quokka closely misses your spectral weapon.
Grinder hits you.
You writhe in agony.
You hit Grinder.
Grinder is heavily wounded.
Your spectral weapon barely misses Grinder.
The quokka barely misses your spectral weapon.
The hobgoblin hits you but does no damage.
Grinder hits you.
* * * LOW HITPOINT WARNING * * *
You writhe in agony.
* * * LOW HITPOINT WARNING * * *
You hit Grinder.
Grinder is severely wounded.
Your spectral weapon barely misses Grinder.
The quokka barely misses your spectral weapon.
The hobgoblin barely misses you. Grinder hits you.
* * * LOW HITPOINT WARNING * * *
You writhe in agony.
You die...

#.#.⌠.⌠.#.#.##.##########
#.........#.>...........#
#.#.....#.#..#########.##∆
#...._....#............#
#.#.....#?#.########...#
#.........#.# #......#∆
#.#.⌠.⌠.#.#.# #......#
#...........# #......# ∆
..#.....#@..# #....#.##
#........(5g..# #....#..##
#.####.##?r...# #....#...#
#. ......# #....#....
####.....# #....#....
#.....# ######..#. ##....#
##... #....# ##.#. ##.÷#.


You could see Grinder, a quokka, a hobgoblin and a friendly spectral -1 mace.

Vanquished Creatures
  5 adders
  2 worms (D:2)
  2 dart slugs (D:1)
  2 leopard geckos (D:2)
  2 orcs (D:3)
  8 bats
  4 giant cockroaches
  5 goblins
  6 hobgoblins
  2 jackals (D:2)
  4 kobolds
  A quokka (D:3)
  11 rats
54 creatures vanquished.

Notes
Turn   | Place    | Note
-------+----------+-------------------------------------------
     0 | D:1      | MoonlitKnight the Gnoll Skald began the quest for the Orb.
     0 | D:1      | Reached XP level 1. HP: 20/20 MP: 6/6
   355 | D:1      | Reached XP level 2. HP: 26/26 MP: 7/7
   359 | D:1      | Learned a level 2 spell: Shroud of Golubria
   954 | D:2      | Reached XP level 3. HP: 31/31 MP: 9/9
  1043 | D:2      | Reached skill level 5 in Spellcasting
  1400 | D:2      | Reached skill level 1 in Invocations
  1512 | D:2      | Learned a level 3 spell: Spectral Weapon
  1516 | D:2      | Learned a level 3 spell: Regeneration
  1519 | D:2      | Learned a level 2 spell: Song of Slaying
  1598 | D:2      | Found an opulent altar of Gozag.
  1862 | D:2      | Reached skill level 1 in Short Blades
  1862 | D:2      | Reached skill level 1 in Long Blades
  1862 | D:2      | Reached skill level 1 in Axes
  1862 | D:2      | Reached skill level 1 in Maces & Flails
  1862 | D:2      | Reached skill level 1 in Staves
  1862 | D:2      | Reached skill level 1 in Slings
  1862 | D:2      | Reached skill level 1 in Bows
  1862 | D:2      | Reached skill level 1 in Crossbows
  1862 | D:2      | Reached skill level 1 in Throwing
  1862 | D:2      | Reached skill level 1 in Stealth
  1862 | D:2      | Reached skill level 1 in Shields
  1862 | D:2      | Reached skill level 1 in Unarmed Combat
  1862 | D:2      | Reached skill level 1 in Evocations
  1862 | D:2      | Reached XP level 4. HP: 10/38 MP: 6/11
  3199 | D:3      | Reached skill level 1 in Conjurations
  3199 | D:3      | Reached skill level 1 in Hexes
  3199 | D:3      | Reached skill level 1 in Summonings
  3199 | D:3      | Reached skill level 1 in Necromancy
  3199 | D:3      | Reached skill level 1 in Translocations
  3199 | D:3      | Reached skill level 1 in Transmutations
  3199 | D:3      | Reached skill level 1 in Fire Magic
  3199 | D:3      | Reached skill level 1 in Ice Magic
  3199 | D:3      | Reached skill level 1 in Air Magic
  3199 | D:3      | Reached skill level 1 in Earth Magic
  3199 | D:3      | Reached skill level 1 in Poison Magic
  3243 | D:3      | Found a basalt altar of Yredelemnul.
  3512 | D:3      | Found a white marble altar of Elyvilon.
  3529 | D:3      | Noticed Grinder
  3532 | D:3      | Paralysed by Grinder for 2 turns
  3543 | D:3      | Slain by Grinder

Levels and vault maps discovered:
D:1:      minmay_arrival_cross, layout_loops_corners,
          hangedman_abyss_or_decor_stabs
D:2:      cheibrodos_helix_gallery, layout_loops_corners,
          nicolae_gozag_seed_capital, minmay_misc_feat_four_crosses
D:3:      layout_basic, yredelemnul_altar_generic, elyvilon_altar_5, tgw_trog,
          minmay_cut_off, uniq_grinder

Skill      XL: |  1  2  3  4 |
---------------+-------------+-----
Spellcasting   | 5 |  5.1
Invocations    | 1 |  1.4
Short Blades   | 1 |  1.2
Long Blades    | 1 |  1.2
Axes           | 1 |  1.2
Maces & Flails | 1 |  1.2
Staves         | 1 |  1.2
Slings         | 1 |  1.2
Bows           | 1 |  1.2
Crossbows      | 1 |  1.2
Throwing       | 1 |  1.2
Stealth        | 1 |  1.2
Shields        | 1 |  1.2
Unarmed Combat | 1 |  1.2
Evocations     | 1 |  1.2
Conjurations   | 1 |  1.0
Hexes          | 1 |  1.0
Summonings     | 1 |  1.0
Necromancy     | 1 |  1.0
Translocations | 1 |  1.0
Transmutations | 1 |  1.0
Fire Magic     | 1 |  1.0
Ice Magic      | 1 |  1.0
Air Magic      | 1 |  1.0
Earth Magic    | 1 |  1.0
Poison Magic   | 1 |  1.0
Fighting       | |  4.7
Polearms       | |  4.7
Armour         | |  2.8
Dodging        | |  4.7
Charms         | |  5.5

Action                   |  1- 3 |  4- 6 || total
-------------------------+-------+-------++-------
Melee: Spear             |    40 |       ||    40
       Bite              |     9 |     6 ||    15
       Mace              |   110 |    95 ||   205
 Cast: Shroud of Golubri |     1 |     2 ||     3
       Infusion          |     1 |       ||     1
       Spectral Weapon   |       |     1 ||     1
 Stab: Sleeping          |     1 |       ||     1
  Eat: Chunk             |     3 |     6 ||     9
Armor: Leather armour    |    21 |       ||    21
       Ring mail         |    40 |    40 ||    80
Dodge: Dodged            |   144 |   104 ||   248

Table legend:
 A = Non-vault XP
 B = Vault XP
 C = Vault XP percentage of total XP
 D = Non-vault monster count
 E = Vault monster count
 F = Vault count percentage of total count
                 A         B        C        D         E       F
            +---------+---------+-------+---------+---------+-------
      Total |     129 |      35 |  21.3 |      48 |       6 |  11.1
            +---------+---------+-------+---------+---------+-------
        D:1 |      31 |       0 |   0.0 |      17 |       0 |   0.0
        D:2 |      44 |      16 |  26.7 |      14 |       2 |  12.5
        D:3 |      54 |      19 |  26.0 |      17 |       4 |  19.0
            +---------+---------+-------+---------+---------+-------
